 Dungeon Crawl Stone Soup version 0.30.1-11-g7821555f0a (webtiles) character file.

Game seed: 16431151718274494827

147 monsoonserge the Caller (level 5, -4/28 HPs)
             Began as a Tengu Summoner on Dec 14, 2023.
             Killed from afar by a steam dragon (24 damage)
             ... with a ball of steam
             ... on level 3 of the Dungeon.
             The game lasted 00:10:30 (2990 turns).

monsoonserge the Caller (Tengu Summoner)            Turns: 2990, Time: 00:10:31

Health: -4/28      AC:  3    Str:  9    XL:     5   Next: 29%
Magic:  6/10       EV: 14    Int: 17    God:
Gold:   168        SH:  0    Dex: 14    Spells: 3/9 levels left

rFire   . . .        k - +0 spear
rCold   . . .        (no shield)
rNeg    . . .        n - +0 leather armour
rPois   .            (helmet restricted)
rElec   .            (no cloak)
rCorr   .            (no gloves)
SInv    .            (boots unavailable)
Will    .....        (no amulet)
Stlth   ++           (no ring)
HPRegen 0.24/turn    (no ring)
MPRegen 0.12/turn

%: no passive effects
@: flying quickly and evasively, quick
A: beak, talons 3, nimble flight
a: no special abilities


You were on level 3 of the Dungeon.
You visited 1 branch of the dungeon, and saw 4 of its levels.

You collected 168 gold pieces.

Inventory:

Hand Weapons
 k - a +0 spear (weapon)
 p - the +1 falchion "Ehilufreen" {protect, Stlth+}
   (You found it on level 2 of the Dungeon)

   Stlth:     It makes you more stealthy.
 q - a +0 longbow
Armour
 l - an orb of energy
 n - a +0 leather armour (worn)
 r - a +0 ring mail
Scrolls
 d - a scroll of blinking {unknown}
 f - 2 scrolls of teleportation {unknown}
 h - 2 scrolls of immolation {unknown}
 j - 3 scrolls of identify {unknown}
 o - a scroll of enchant weapon {unknown}
Potions
 a - a potion of invisibility {unknown}
 b - a potion of magic
 c - a potion of berserk rage {unknown}
 e - a potion of curing
 g - a potion of attraction {unknown}
 i - a potion of degeneration {unknown}
 m - a potion of flight {unknown}
 s - a potion of lignification {unknown}


   Skills:
 + Level 0.2 Fighting
 + Level 0.9 Short Blades
 + Level 0.3 Polearms
 * Level 0.8 Armour
 + Level 2.5 Dodging
 - Level 2.0 Stealth
 + Level 2.8 Spellcasting
 + Level 6.6 Summonings


You had 3 spell levels left.
You knew the following spells:

 Your Spells              Type           Power      Damage    Failure   Level
a - Summon Small Mammal   Summ           100%       N/A       1%          1
b - Call Imp              Summ           50%        N/A       2%          2
c - Call Canine Familiar  Summ           25%        N/A       4%          3

Your spell library contained the following spells:

 Spells                   Type           Power      Damage    Failure   Level
 Summon Guardian Golem    Hex/Summ       13%        N/A       19%         3
 Stone Arrow              Conj/Erth      4%         3d7       58%         3
 Animate Armour           Summ/Erth      26%        N/A       52%         4
 Summon Lightning Spire   Summ/Air       13%        N/A       52%         4
 Lehudib's Crystal Spear  Conj/Erth      1%         10d2      100%        8


Dungeon Overview and Level Annotations

Branches:
Dungeon (4/15)
 Temple: D:4-7

Altars:
Xom

Annotations:
D:3 Grinder


Innate Abilities, Weirdness & Mutations

You have a beak for a mouth.
You have claws for feet.
Your magical nature lets you fly swiftly and evasively.


Message History

You now have 168 gold pieces (gained 17).
You swap places.
Things that are here:
a +0 spear; a +0 spear; a gnoll corpse You see here a +0 flail.
Magic restored.
Your hound disappears in a puff of smoke!
You swap places.
A bat comes into view.
The bat hits your cerulean imp but does no damage.
Your cerulean imp hits the bat with a -2 spear.
The bat barely misses your cerulean imp.
Your cerulean imp barely misses the bat.
There is an open door here.
Casting: Call Imp (safe; 2% risk of failure)
Confirm with . or Enter, or press ? or * to list all spells.
The spell is quite dangerous to miscast (4% risk of failure)!
Continue anyway?
The bat barely misses your cerulean imp.
Your cerulean imp barely misses the bat.
Casting: Call Canine Familiar (quite dangerous; 4% risk of failure)
Confirm with . or Enter, or press ? or * to list all spells.
The bat closely misses your quokka. The steam dragon breathes steam at you.
The ball of steam misses your quokka.
The ball of steam hits your cerulean imp!!
Your cerulean imp dies!
Your cerulean imp disappears in a puff of smoke!
The ball of steam hits you!
Your hound is engulfed in a cloud of scalding steam.
Your quokka is engulfed in a cloud of scalding steam.
Your quokka dies!
Your quokka's corpse disappears in a puff of smoke!
Your hound is engulfed in a cloud of scalding steam.
Your hound is engulfed in a cloud of scalding steam.
Your hound dies!
Your hound's corpse disappears in a puff of smoke!
The steam dragon breathes steam at you. The ball of steam hits you!!
Ouch! That really hurt!
You die...

##.#. ....D.o.###+##'##+### #...
....gg..#.....#.....# #..# #.
..>####.#.....#.....## #..# #.
##.# #.'##o##'##'##+.# ##)># #.
#.# ###..#.....#..#.. ....# #.
#.# #o§#+###'#..#.. .#..# #.
##.## ###..#.)...#..##.
.#..###.###...###.§§D§D._..'..'..
.#..............@§#§.#.....#..#..
.#.......##...##.##..#'###'#..##.
.######.)....###.##..#.....#..##.
.# ##)##### #..'##'##'##'##K.. .#
#.# ####.....#.....#.. .# #.#
#.....#.....#.. .# #.#
###+##'##'### . .# #.# #.#.#..#
..
.#######.##########......####.#


There were no monsters in sight!

Vanquished Creatures
  2 ball pythons
  4 bats
  An endoplasm (D:3)
  2 giant cockroaches
  A goblin (D:3)
  2 hobgoblins
  2 jackals (D:3)
  A quokka (D:3)
  2 frilled lizards
17 creatures vanquished.

Vanquished Creatures (collateral kills)
  4 gnolls (D:3)
  3 adders
  2 worms
  2 dart slugs (D:1)
  4 ball pythons
  7 endoplasms
  A giant cockroach (D:1)
  3 goblins
  2 hobgoblins
  10 jackals
  A quokka (D:1)
  2 bats
  A frilled lizard (D:3)
  3 kobolds
  7 rats
52 creatures vanquished.

Grand Total: 69 creatures vanquished

Notes
Turn   | Place    | Note
-------+----------+-------------------------------------------
     0 | D:1      | monsoonserge the Tengu Summoner began the quest for the
                  | Orb.
     0 | D:1      | Reached XP level 1. HP: 10/10 MP: 4/4
     6 | D:1      | Noticed a redback
     6 | D:1      | Noticed a hound
     6 | D:1      | Noticed a komodo dragon
     6 | D:1      | Noticed a wyvern
    45 | D:1      | Reached skill level 5 in Summonings
   239 | D:1      | Reached XP level 2. HP: 6/15 MP: 1/6
   282 | D:1      | Learned a level 2 spell: Call Imp
   738 | D:1      | Reached XP level 3. HP: 19/19 MP: 2/7
  1478 | D:2      | Reached XP level 4. HP: 14/24 MP: 3/8
  1756 | D:2      | Learned a level 3 spell: Call Canine Familiar
  1867 | D:2      | Reached skill level 6 in Summonings
  1962 | D:2      | Identified the +2 helmet of Vehumet's Benevolence {rC- rN+
                  | Will++}
  1982 | D:2      | Found a faded altar of an unknown god.
  2137 | D:2      | Identified the +1 falchion "Ehilufreen" {protect, Stlth+}
  2451 | D:3      | Found a shimmering altar of Xom.
  2490 | D:3      | Noticed Grinder
  2494 | D:3      | Noticed a steam dragon
  2707 | D:3      | Gained mutation: Your magical nature lets you fly swiftly
                  | and evasively. [Tengu growth]
  2707 | D:3      | Reached XP level 5. HP: 24/28 MP: 7/10
  2881 | D:4      | Noticed an ogre
  2990 | D:3      | Killed from afar by a steam dragon

Illustrated notes

Levels and vault maps discovered:
D:1:      onia_arrival_zoo_common, layout_loops_ring
D:2:      minmay_wonky_spiral, layout_basic,
          shapermc_ecumenical_altar_totnotflames
D:3:      layout_loops_ring, mainiacjoe_overflow_24_doors, uniq_grinder
D:4:      layout_loops_cross, serial_shops, nicolae_shop_pleasant_corner_grove,
          serial_bayou, serial_bayou_lake_a, serial_bayou_lagoon_b,
          serial_bayou_lagoon_a, serial_bayou_pond_d

Skill      XL: |  1  2  3  4 |
---------------+-------------+-----
Summonings     | 5 6 |  6.6
Fighting       | |  0.2
Short Blades   | |  0.9
Polearms       | |  0.3
Armour         | |  0.8
Dodging        | |  2.5
Stealth        | |  2.0
Spellcasting   | |  2.8

Action                     |  1- 3 |  4- 6 || total
---------------------------+-------+-------++-------
  Melee: Unarmed           |     7 |       ||     7
         Kick              |     3 |     4 ||     7
         Peck              |     3 |     3 ||     6
         Short sword       |    17 |     1 ||    18
         Mace              |     1 |       ||     1
         Spear             |       |    41 ||    41
   Cast: Summon Small Mamm |    45 |    22 ||    67
         Call Imp          |    13 |    15 ||    28
         Call Canine Famil |       |     4 ||     4
    Use: Potion            |     1 |       ||     1
   Stab: Distracted        |     1 |       ||     1
         Sleeping          |       |     5 ||     5
 Armour: Robe              |     9 |     1 ||    10
         Leather armour    |       |     6 ||     6
  Dodge: Dodged            |    26 |    24 ||    50
